 Dungeon Crawl Stone Soup version 0.27.1-35-g4d5d836560 (console) character file.

Game seed: 671990055817308401

2781 grimtooth the Frost Mage (level 9, 0/55 HPs)
             Began as a Gargoyle Ice Elementalist on Aug 16, 2022.
             Was a Believer of Sif Muna.
             Slain by a hornet (9 damage)
             ... on level 8 of the Dungeon.
             The game lasted 00:49:29 (8016 turns).

grimtooth the Frost Mage (GrIE)                     Turns: 8016, Time: 00:49:30

Health: 0/55       AC: 21    Str: 13    XL:     9   Next: 70%
Magic:  9/15       EV: 11    Int: 18    God:    Sif Muna [**....]
Gold:   394        SH:  0    Dex: 10    Spells: 3/16 levels left

rFire    x . .     SeeInvis .   a - +0 whip (venom)
rCold    + + .     Faith    .   (no shield)
rNeg     + . .     Spirit   .   A - +2 robe {Archmagi}
rPois    ∞         Reflect  .   u - +0 helmet
rElec    +         Harm     .   (no cloak)
rCorr    .         Rampage  .   (no gloves)
Will     .....     Archmagi +   (no boots)
Stlth    +++.......             (no amulet)
HPRegen  0.18/turn              g - ring of protection from cold
MPRegen  0.14/turn              w - ring of ice

@: ice-armoured
A: sickness immunity, AC +6, negative energy resistance 1, electricity
resistance, torment resistance 1, petrification resistance
a: Renounce Religion, Channel Magic


You were on level 8 of the Dungeon.
You worshipped Sif Muna.
Sif Muna was pleased with you.
You visited 2 branches of the dungeon, and saw 9 of its levels.
You also visited: Sewer.

You collected 394 gold pieces.

Inventory:

Hand Weapons
 a - a +0 whip of venom (weapon)
 d - a +0 dagger
Missiles
 c - 218 stones
 f - 7 silver boomerangs
 q - 4 curare-tipped darts
 r - 42 poisoned darts (quivered)
 y - 4 boomerangs
Armour
 u - a +0 helmet (worn)
 z - the +0 pair of gloves of the Cockatrice {Contam rN+++ Str+5 Dex-4}
   (You found it on level 6 of the Dungeon)

   Str:       It affects your strength (+5).
   Dex:       It affects your dexterity (-4).
   rN:        It renders you almost immune to negative energy.
   Contam:    It causes magical contamination when unequipped.
 A - a +2 robe of the Archmagi (worn)
Jewellery
 g - a ring of protection from cold (left hand)
 i - a ring of protection from cold
 w - a ring of ice (right hand)
Wands
 n - a wand of paralysis (10)
 B - a wand of iceblast (9)
Scrolls
 j - 3 scrolls of blinking {unknown}
 m - 2 scrolls of enchant armour {unknown}
 o - 3 scrolls of teleportation
 p - 3 scrolls of fog
 s - a scroll of immolation {unknown}
 x - a scroll of amnesia {unknown}
Potions
 b - a potion of magic
 e - a potion of lignification
 h - a potion of curing {unknown}
 k - a potion of mutation
 l - 3 potions of brilliance {unknown}
 t - a potion of might {unknown}
 v - 4 potions of heal wounds {unknown}


   Skills:
 + Level 5.9 Fighting
 - Level 1.0 Maces & Flails
 - Level 1.5 Dodging
 - Level 6.0 Stealth
 - Level 4.0 Spellcasting
 - Level 6.0 Conjurations
 - Level 9.0 Ice Magic
 + Level 2.1 Invocations


You had 3 spell levels left.
You knew the following spells:

 Your Spells              Type           Power      Damage    Failure   Level
a - Freeze                Ice            100%       1d11      1%          1
b - Ozocubu's Armour      Ice            69%        N/A       1%          3
c - Frozen Ramparts       Ice            100%       1d12      1%          3
d - Hailstorm             Conj/Ice       62%        3d13      7%          4
z - Ensorcelled Hibernat  Hex/Ice        88%        N/A       3%          2

Your spell library contained the following spells:

 Spells                   Type           Power      Damage    Failure   Level
 Corona                   Hex            5%         N/A       14%         1
 Pain                     Necr           20%        1d5       14%         1
 Tukima's Dance           Hex            5%         N/A       41%         3


Dungeon Overview and Level Annotations

Branches:
Dungeon (8/15)             Temple (1/1) D:4           Sewer (visited)
   Lair: D:8-11

Altars:
Ashenzari
Cheibriados
Dithmenos
Elyvilon
Fedhas
Hepliaklqana
Kikubaaqudgha
Makhleb
Nemelex Xobeh
Okawaru
Qazlal
Sif Muna
Trog
Uskayaw
Vehumet
Wu Jian
Xom
Yredelemnul
Zin
The Shining One

Annotations:
D:7 Dowan, Duvessa


Innate Abilities, Weirdness & Mutations

You are immune to sickness and miasma.
Your stone body is resilient. (AC +6)
You are immune to poison.
You resist negative energy. (rN+)
You are resistant to electric shocks. (rElec)
You are resistant to unholy torment.
You are immune to petrification.


Message History

The orc throws a stone.
The stone hits you but does no damage.
The howler monkey hoots and howls with incredible vigour!
The orc throws a stone.
The stone hits you but does no damage. The orc hits you but does no damage.
Things that are here:
a +0 mace; a +0 chain mail; an orc corpse The orc barely misses you.
The orc closely misses you.
The gnoll sergeant shouts!
You hear a shout!
The orc hits you but does no damage. The necrophage hits you.
* * * LOW HITPOINT WARNING * * *
You hit the necrophage.
The necrophage is lightly damaged.
The ice beast hits you but does no damage.
The orc hits you but does no damage.
A centaur zombie comes into view.
The necrophage hits you.
* * * LOW HITPOINT WARNING * * *
The orc closely misses you. The howler monkey barely misses you.
The orc hits you but does no damage.
The ice beast hits you but does no damage.
The centaur shouts!
A hornet comes into view.
The howler monkey barely misses you.
The necrophage hits you but does no damage.
The howler monkey completely misses you.
The centaur wields a +0 shortbow.
The centaur shoots an arrow.
The arrow hits you.
* * * LOW HITPOINT WARNING * * *
The centaur shoots an arrow.
The arrow misses you.
The arrow hits the hornet!
The howler monkey barely misses you.
The centaur shoots an arrow.
The arrow closely misses you.
The arrow hits the orc.
The hornet buzzes angrily.
Enter note: - nooo Really quaff the potion of lignification?
Okay, then.
Casting: Hailstorm (dangerous; 7% risk of failure)
Confirm with . or Enter, or press ? or * to list all spells.
You feel a strong surge of power! A film of ice covers your body!
The orc hits you but does no damage. The hornet stings you!
You die...

##.....# ###..##.# ..#
######...Y...#
....##......#>#####
..........###n#
...........#..#
....c....).#.##
...........#)#
..$!......##.###
.....#ohgYc...... ###
.###.#@#..####.Z. ..#
##......yon## #.##
##...##.##..# #..##
##..# ##.....# #
....###...###(.###.#.#
#.............o....o#
####..#........z....#
## ##....#.##.co###.#
.# ##........#...#..
.## #.....####...# ..#
##....## #...#


You could see a hornet, an ice beast, a necrophage, a gnoll sergeant, 2
centaurs, a howler monkey and 3 orcs.

Vanquished Creatures
  A troll (D:7)
  2 orc warriors
  2 black bears
  A sky beast (D:6)
  An ice beast (D:6)
  An ogre (D:5)
  A centaur (D:8)
  7 kobold brigands (Sewer)
  2 gnoll sergeants (D:8)
  5 scorpions
  A killer bee (D:8)
  7 wights
  A jelly (D:6)
  A centaur skeleton (D:6)
  2 orc priests
  A hound (D:3)
  2 iguanas
  4 orc wizards
  A killer bee zombie (D:7)
  A hound skeleton (D:4)
  2 howler monkey zombies (D:8)
  3 gnolls
  10 adders
  2 river rats (D:5)
  A shadow imp (D:7)
  A white imp (D:7)
  7 worms
  5 dart slugs
  8 orcs
  7 ball pythons
  6 bats
  11 endoplasms
  5 giant cockroaches
  3 goblins (D:1)
  9 hobgoblins
  6 jackals
  2 quokkas
  3 frilled lizards
  9 kobolds
  14 rats
158 creatures vanquished.

Vanquished Creatures (others)
  A plant (D:1)
1 creature vanquished.

Grand Total: 159 creatures vanquished

Notes
Turn   | Place    | Note
-------+----------+-------------------------------------------
     0 | D:1      | grimtooth the Gargoyle Ice Elementalist began the quest for
                  | the Orb.
     0 | D:1      | Reached XP level 1. HP: 10/10 MP: 3/3
   202 | D:1      | Reached XP level 2. HP: 15/15 MP: 1/5
   202 | D:1      | Found a faded altar of an unknown god.
   212 | D:1      | Got Plato's Guide on Unholy Magic
   602 | D:1      | Reached XP level 3. HP: 19/19 MP: 4/6
  1164 | D:2      | Reached XP level 4. HP: 24/24 MP: 5/8
  1596 | D:3      | Reached skill level 5 in Ice Magic
  2338 | D:3      | Reached XP level 5. HP: 17/28 MP: 4/10
  2733 | D:4      | Found a staircase to the Ecumenical Temple.
  2770 | Temple   | Entered the Ecumenical Temple
  2873 | Temple   | Became a worshipper of Sif Muna the Loreminder
  3216 | D:4      | Learned a level 3 spell: Ozocubu's Armour
  3220 | D:4      | Learned a level 3 spell: Frozen Ramparts
  3224 | D:5      | Entered Level 5 of the Dungeon
  3230 | D:5      | Reached XP level 6. HP: 25/32 MP: 7/12
  3266 | D:5      | Noticed a black bear
  3272 | D:5      | Killed a black bear
  3273 | D:5      | Reached skill level 6 in Ice Magic
  3384 | D:5      | Found a glowing drain.
  3466 | Sewer    | Entered a sewer
  3509 | Sewer    | Reached skill level 7 in Ice Magic
  3509 | Sewer    | Reached XP level 7. HP: 30/36 MP: 5/13
  3829 | Sewer    | Reached skill level 8 in Ice Magic
  3866 | Sewer    | Reached * piety under Sif Muna
  4058 | Sewer    | Reached XP level 8. HP: 41/41 MP: 7/14
  4259 | Sewer    | Reached skill level 9 in Ice Magic
  4570 | D:5      | Reached skill level 5 in Stealth
  5254 | D:6      | Reached skill level 1 in Fighting
  5254 | D:6      | Reached skill level 1 in Maces & Flails
  5637 | D:6      | Learned a level 2 spell: Ensorcelled Hibernation
  5642 | D:6      | Learned a level 4 spell: Hailstorm
  5670 | D:6      | Reached skill level 1 in Conjurations
  5685 | D:6      | HP: 2/43 [orc wizard/puff of flame (16)]
  5686 | D:6      | - oops
  6273 | D:6      | Found a burning altar of Makhleb.
  6280 | D:7      | Reached XP level 9. HP: 40/47 MP: 12/15
  6374 | D:7      | Reached ** piety under Sif Muna
  6377 | D:7      | Reached skill level 5 in Conjurations
  6382 | D:7      | Noticed a troll
  6537 | D:7      | Noticed Dowan
  6579 | D:7      | Killed a troll
  6765 | D:7      | Found an ancient bone altar of Kikubaaqudgha.
  6839 | D:7      | Found a stormy altar of Qazlal.
  7080 | D:6      | Identified the +0 pair of gloves of the Cockatrice {Contam
                  | rN+++ Str+5 Dex-4}
  7616 | D:7      | Noticed Duvessa
  7715 | D:8      | Reached skill level 5 in Fighting
  7954 | D:8      | Reached skill level 1 in Invocations
  8013 | D:8      | Noticed a hornet
  8016 | D:8      | - nooo
  8016 | D:8      | Slain by a hornet

Illustrated notes

.$...##... .....>#.##
......#.# .....####
......#.# 8...8#####
......#.# ##8## #...
.(....#.################
....o.....#.#....#..####
......(...#.#.##.#......
......(...#.#..#.#.#####
#)#.#.#..#.#.#####
#@#...o..#.#...... #.
#)o.#.#.##.#######
##.#######.#.#.##.# #
..........#.#.##.# #
####.#########.#.##.# #
......#######.#.##.# #
#...............#.#######
#...########.............
#.................#######
#...#####################
#... #.............


Turn 5686 on D:6: - oops ##.....# ###..##.# ..# ######...Y...#
....##......#>##### ..........###n# ...........#..# ....c....).#.##
...........#)# ..$!...o..##.### .....#.hgY.c..... ### .###.#@#..####.Z. ..#
##......yon## #.## ##...##.##..# #..## ##..# ##.....# # ....###...###(.###.#.#
#.............o....o# ####..#........z....# ## ##....#.##.co###.# .#
##........#...#.. .## #.....####...# ..# ##....## #...# Turn 8016 on D:8: - nooo

Levels and vault maps discovered:
D:1:      minmay_arrival_stone_box, layout_rooms,
          shapermc_ecumenical_altar_rom_forum, minmay_pentomino_o2
D:2:      layout_loops_cross, hex_large, kennysheep_big_empty_room
D:3:      layout_loops_ring
D:4:      layout_basic, minmay_temple_entry_arrows
D:5:      layout_loops_ring, portal_sewer_entry_c
D:6:      layout_basic, nicolae_overflow_hidden_temple, kennysheep_small_square
D:7:      layout_rooms, mainiacjoe_overflow_alcove_1,
          mainiacjoe_overflow_six_doors_small, uniq_duvessa
D:8:      layout_rooms, minmay_alternating_orb
Temple:   minmay_crystal_spiral_temple

Skill      XL: |  1  2  3  4  5  6  7  8  9 |
---------------+----------------------------+-----
Spellcasting   | 3 4 |  4.0
Ice Magic      | 5 7 8 9 |  9.0
Stealth        | 6 |  6.0
Fighting       | 1 5 |  5.9
Maces & Flails | 1 |  1.0
Conjurations   | 4 6 |  6.0
Invocations    | 2 |  2.1
Dodging        | |  1.5

Action                   |  1- 3 |  4- 6 |  7- 9 || total
-------------------------+-------+-------+-------++-------
Melee: Dagger            |    17 |    27 |       ||    44
       Whip              |       |       |    90 ||    90
Throw: Stone             |    83 |    76 |       ||   159
       Dart              |       |    12 |   135 ||   147
 Cast: Freeze            |    50 |    80 |    79 ||   209
       Frozen Ramparts   |       |       |    13 ||    13
       Ozocubu's Armour  |       |       |    16 ||    16
       Hailstorm         |       |       |    17 ||    17
       Ensorcelled Hiber |       |       |     2 ||     2
Invok: Channel Magic     |       |       |     1 ||     1
  Use: Scroll            |       |     5 |     4 ||     9
       Potion            |       |       |     2 ||     2
 Stab: Held in net/web   |     1 |       |       ||     1
       Sleeping          |       |       |     2 ||     2
Armor: Robe              |    16 |       |    32 ||    48
       Leather armour    |    12 |    45 |    40 ||    97
Dodge: Dodged            |    33 |    40 |    92 ||   165
